 Dungeon Crawl Stone Soup version 0.29.1-15-g9cfb28693d (webtiles) character file.

Game seed: 5785576806993631833

40028 Peloso the Fencer (level 13, -5/122 HPs)
             Began as a Minotaur Fighter on Mar 31, 2023.
             Was a High Priest of Okawaru.
             Slain by a two-headed ogre
             ... wielding a +0 dire flail
              (23 damage)
             ... on level 12 of the Dungeon.
             The game lasted 00:51:47 (25899 turns).

Peloso the Fencer (Minotaur Fighter)               Turns: 25899, Time: 00:51:47

Health: -5/122     AC: 12    Str: 22    XL:     13   Next: 72%
Magic:  14/14      EV: 10    Int:  5    God:    Okawaru [*****.]
Gold:   1451       SH:  0    Dex: 14    Spells: 12/12 levels left

rFire   + + .      SeeInvis .   a - +3 demon blade (drain)
rCold   . . .      Faith    .   d - +0 kite shield
rNeg    + . .      Spirit   .   v - +0 chain mail
rPois   +          Reflect  .   m - -2 hat of the Alchemist {rElec rPois rF+ rC+ rN+ Will+ rMut rCorr}
rElec   +          Harm     .   I - +0 cloak
rCorr   +          Rampage  .   (no gloves)
rMut    +                       (no boots)
Will    +....                   (no amulet)
Stlth   ..........              H - ring of fire
HPRegen 0.30/turn               J - ring of flight
MPRegen 0.14/turn

@: confused, flying
A: horns 2, retaliatory headbutt
a: Renounce Religion, Heroism, Finesse, Duel


You were on level 12 of the Dungeon.
You worshipped Okawaru.
Okawaru was extremely pleased with you.
You visited 3 branches of the dungeon, and saw 16 of its levels.
You also visited: Ice Cave.

You collected 1451 gold pieces.

Inventory:

Hand Weapons
 a - a +3 demon blade of draining (weapon)
 b - a +3 long sword of flaming
 c - a +0 demon blade of flaming
 D - a +1 long sword of venom
Missiles
 F - 7 throwing nets (quivered)
Armour
 d - a +0 kite shield (worn)
 m - the -2 hat of the Alchemist (worn) {rElec rPois rF+ rC+ rN+ Will+ rMut rCorr}
   (You acquired it in an ice cave)

   rF:        It protects you from fire.
   rC:        It protects you from cold.
   rElec:     It insulates you from electricity.
   rPois:     It protects you from poison.
   rN:        It protects you from negative energy.
   rCorr:     It protects you from acid and corrosion.
   rMut:      It protects you from mutation.
   Will:      It increases your willpower.
 v - a +0 chain mail (worn)
 I - a +0 cloak (worn)
 L - a +0 scale mail of cold resistance
 V - +0 swamp dragon scales
Jewellery
 j - a ring of willpower
 k - a +4 ring of evasion
 o - a +6 ring of dexterity
 q - a ring of willpower
 A - a ring of magical power
 B - a ring of ice
 E - a ring of ice
 H - a ring of fire (left hand)
 J - a ring of flight (right hand)
 M - an amulet of faith
 N - a ring of wizardry
Wands
 u - a wand of iceblast (4)
 y - a wand of acid (10)
 C - a wand of paralysis (19)
 G - a wand of polymorph (22)
 P - a wand of flame (9)
 U - a wand of mindburst (6)
Scrolls
 e - 5 scrolls of enchant armour
 f - a scroll of summoning
 h - 2 scrolls of noise
 l - 5 scrolls of teleportation
 n - 4 scrolls of butterflies
 r - a scroll of magic mapping
 s - 5 scrolls of enchant weapon
 t - 3 scrolls of immolation
 w - a scroll of amnesia
 x - 2 scrolls of poison
 T - a scroll of brand weapon
Potions
 g - 3 potions of brilliance
 i - 2 potions of haste
 p - 6 potions of cancellation
 z - 4 potions of flight
 K - a potion of mutation
 O - a potion of ambrosia {unknown}
 R - 3 potions of curing
 S - a potion of invisibility


   Skills:
 + Level 13.4 Fighting
 + Level 15.4 Long Blades
 + Level 0.2 Throwing
 + Level 13.7 Armour
 + Level 5.7 Dodging
 + Level 1.8 Stealth
 + Level 13.8 Shields
 + Level 3.3 Invocations
 + Level 1.4 Evocations


You had 12 spell levels left.
You didn't know any spells.
Your spell library contained the following spells:

 Spells                   Type           Power      Damage    Failure   Level
 Freeze                   Ice            0%         1d3       99%         1
 Necrotise                Necr           0%         1d4       99%         1
 Sandblast                Erth           0%         2d4       99%         1
 Ensorcelled Hibernation  Hex/Ice        0%         N/A       100%        2
 Passwall                 Tmut/Erth      0%         N/A       100%        2
 Poisonous Vapours        Pois/Air       0%         N/A       100%        2
 Frozen Ramparts          Ice            0%         1d1       100%        3
 Stone Arrow              Conj/Erth      0%         3d7       100%        3
 Vampiric Draining        Necr           0%         2d6       100%        3
 Corpse Rot               Necr/Pois/Air  0%         N/A       100%        4
 Hailstorm                Conj/Ice       0%         3d3       100%        4
 Passage of Golubria      Tloc           0%         N/A       100%        4
 Agony                    Necr           0%         N/A       100%        5
 Freezing Cloud           Conj/Ice/Air   0%         6-21      100%        5
 Yara's Violent Unravell  Hex/Tmut       0%         3d3       100%        5
 Orb of Destruction       Conj           0%         9d5       100%        7
 Ignition                 Fire           0%         3d3       100%        8
 Summon Small Mammal      Summ           Unusable   N/A       N/A         1
 Call Canine Familiar     Summ           Unusable   N/A       N/A         3
 Summon Guardian Golem    Hex/Summ       Unusable   N/A       N/A         3
 Tukima's Dance           Hex            Unusable   N/A       N/A         3
 Animate Dead             Necr           Unusable   N/A       N/A         4
 Haunt                    Necr/Summ      Unusable   N/A       N/A         7
 Spellforged Servitor     Conj/Summ      Unusable   N/A       N/A         7
 Infestation              Necr           Unusable   N/A       N/A         8

Dungeon Overview and Level Annotations

Branches:
Dungeon (12/15)            Temple (1/1) D:6            Lair (3/5) D:9
 Shoals (0/4) Lair:2       Spider (0/4) Lair:3          Orc (0/2) D:12
  IceCv (visited)

Altars:
Cheibriados
Okawaru
Wu Jian

Shops:
D:2 [   D:9 [   D:10 (

Annotations:
D:2 1 runed translucent door, Crazy Yiuf


Innate Abilities, Weirdness & Mutations

You have a pair of horns on your head.
You reflexively headbutt those who attack you in melee.


Message History

The tarantella barely misses you.
You miss the tarantella.
The tarantella is lightly wounded.
The tarantella touches you! The tarantella touches you.
You are more confused.
The tarantella touches you.
You are more confused.
You miss the tarantella.
The tarantella is lightly wounded.
The tarantella closely misses you.
You're too confused to move!
The tarantella closely misses you.
You bump into the rock wall.
The tarantella barely misses you. The tarantella touches you!
You're too confused to move!
The tarantella touches you.
You are more confused.
You miss the tarantella. You headbutt the tarantella.
The tarantella is lightly wounded.
The tarantella closely misses you. The tarantella completely misses you.
You're too confused to move!
The tarantella barely misses you.
A two-headed ogre comes into view.
It is wielding a +0 dire flail and a +0 giant club.
The two-headed ogre shouts in stereo!
The tarantella closely misses you. The tarantella touches you.
You are more confused.
The two-headed ogre moves out of view.
You slice the tarantella!! You headbutt the tarantella.
You kill the tarantella!
Okawaru accepts your kill.
You bump into the rock wall.
The two-headed ogre hits you with a +0 dire flail!!
The two-headed ogre hits you with a +0 giant club!
* * * LOW HITPOINT WARNING * * *
You closely miss the two-headed ogre. The two-headed ogre barely misses you.
The two-headed ogre hits you with a +0 giant club!
* * * LOW HITPOINT WARNING * * *
Unknown command.
You bump into the rock wall.
The two-headed ogre hits you with a +0 dire flail!!
You die...

.. ....... .. ...... .
'##.... .. .#... #......
'.O #......# #.#
#......#####.# #
#.........O†.## #
#........@....# #
#.............# #
##.............# #
...............######
#......####'#'####........#
#......#.........#.########
#......#.........#.#
#......#.........#.#
#......#.........#.#


You could see a two-headed ogre.

Vanquished Creatures
  A dire elephant (Lair:3)
  Harold (Lair:1)
  2 boulder beetles
  An ogre mage (D:11)
  A catoblepas (Lair:1)
  A hydra (D:11)
  2 two-headed ogres
  A centaur warrior (D:11)
  A tengu warrior (D:11)
  5 hell knights (D:10)
  A swamp dragon (D:11)
  2 deep elf pyromancers (D:12)
  5 ugly things
  3 necromancers (D:10)
  An orc knight (D:11)
  4 cyclopes
  A manticore (D:11)
  A cyclops (shapeshifter) (D:11)
  3 black mambas (Lair:3)
  Maurice (D:8)
  3 ice statues (IceCv)
  A torpor snail (Lair:3)
  A gargoyle (D:12)
  3 cane toads
  An unseen horror (D:12)
  A rime drake (Lair:3)
  Maggie (D:8)
  A komodo dragon (Lair:2)
  3 kobold demonologists
  A freezing wraith (IceCv)
  An anaconda simulacrum (IceCv)
  A meliai (Lair:3)
  3 trolls (D:11)
  2 polar bears (Lair:3)
  A tarantella (shapeshifter) (D:12)
  A slime creature (D:11)
  5 blink frogs
  A jumping spider (shapeshifter) (D:9)
  A shadow (D:11)
  6 wyverns
  5 wraiths
  20 yaks
  A basilisk (Lair:2)
  2 steam dragons
  9 vampire mosquitoes
  3 death yak simulacra
  2 acid dragons
  A hydra simulacrum (IceCv)
  7 hell hounds (D:10)
  6 water moccasins
  4 black bears
  An ogre (D:12)
  6 orc warriors
  8 wolves
  4 centaurs
  A phantom (D:4)
  7 kobold brigands
  12 bullfrogs
  A cane toad simulacrum (IceCv)
  4 scorpions
  3 gnoll sergeants (D:12)
  9 wights
  2 elephant simulacra
  13 killer bees
  7 howler monkeys
  2 electric eels (D:6)
  8 orc priests
  3 hounds
  A gnoll bouda (D:6)
  2 iguanas (D:5)
  Natasha (thrice) (D:2)
  11 orc wizards
  Ijyb (D:5)
  A wolf simulacrum (IceCv)
  Robin (D:3)
  5 adders
  28 gnolls
  2 worms
  2 dart slugs
  40 orcs
  8 endoplasms
  5 giant cockroaches
  19 goblins
  10 hobgoblins
  4 jackals (D:4)
  5 quokkas
  11 ball pythons
  3 bats
  6 frilled lizards
  61 kobolds
  4 rats
  3 bushes (D:1)
463 creatures vanquished.

Vanquished Creatures (others)
  8 fungi
  15 plants
23 creatures vanquished.

Grand Total: 486 creatures vanquished

Notes
Turn   | Place    | Note
-------+----------+-------------------------------------------
     0 | D:1      | Peloso the Minotaur Fighter began the quest for the Orb.
     0 | D:1      | Reached XP level 1. HP: 19/19 MP: 0/0
   355 | D:1      | Reached XP level 2. HP: 18/27 MP: 1/1
   550 | D:1      | Reached skill level 3 in Long Blades
   734 | D:1      | Reached XP level 3. HP: 33/33 MP: 2/2
  1567 | D:2      | Noticed Natasha
  1576 | D:2      | Killed Natasha
  1745 | D:2      | Reached XP level 4. HP: 36/40 MP: 3/3
  1776 | D:2      | Found Ibaohump's Armour Shop.
  1780 | D:2      | Noticed Natasha
  1785 | D:2      | Killed Natasha
  1792 | D:2      | Found a faded altar of an unknown god.
  1841 | D:2      | Reached skill level 1 in Dodging
  2049 | D:2      | Noticed Natasha
  2058 | D:2      | Reached skill level 4 in Long Blades
  2058 | D:2      | Reached XP level 5. HP: 46/46 MP: 4/4
  2061 | D:2      | Killed Natasha
  2254 | D:2      | Found a runed translucent door.
  2255 | D:2      | Noticed Crazy Yiuf
  3337 | D:3      | Noticed Robin
  4086 | D:3      | Killed Robin
  4087 | D:3      | Reached XP level 6. HP: 41/55 MP: 5/5
  4419 | D:4      | Reached skill level 5 in Armour
  4577 | D:4      | Reached skill level 5 in Long Blades
  4585 | D:4      | Reached skill level 5 in Fighting
  4778 | D:4      | Reached skill level 6 in Long Blades
  4963 | D:4      | Reached XP level 7. HP: 60/61 MP: 6/6
  5143 | D:5      | Entered Level 5 of the Dungeon
  5481 | D:5      | Reached skill level 5 in Shields
  5690 | D:5      | Noticed Ijyb
  5696 | D:5      | Killed Ijyb
  5697 | D:5      | Found an ornate altar of the Wu Jian Council.
  5744 | D:5      | Reached skill level 7 in Long Blades
  6011 | D:5      | You fall into a shaft and drop 2 floors!
  6036 | D:7      | Noticed a steam dragon
  6062 | D:7      | Reached XP level 8. HP: 45/70 MP: 7/7
  6100 | D:7      | Noticed a cyclops
  6126 | D:6      | Reached skill level 8 in Long Blades
  6627 | D:6      | Found a staircase to the Ecumenical Temple.
  6658 | Temple   | Entered the Ecumenical Temple
  6673 | Temple   | Became a worshipper of Warmaster Okawaru
  7170 | D:6      | Reached skill level 9 in Long Blades
  7552 | D:7      | Reached * piety under Okawaru
  7553 | D:7      | Reached XP level 9. HP: 79/79 MP: 8/8
  7805 | D:7      | Killed a cyclops
  7806 | D:7      | Reached skill level 10 in Long Blades
  8335 | D:8      | Noticed Maurice
  8349 | D:8      | Paralysed by something for 2 turns
  8366 | D:8      | Killed Maurice
  8366 | D:8      | Reached ** piety under Okawaru
  8703 | D:8      | Reached skill level 11 in Long Blades
  9130 | D:9      | Noticed a two-headed ogre
  9139 | D:9      | Killed a two-headed ogre
  9139 | D:9      | Reached *** piety under Okawaru
  9140 | D:9      | Reached XP level 10. HP: 51/90 MP: 6/9
  9439 | D:9      | Found a staircase to the Lair.
  9766 | D:9      | Noticed an orange demon
  9957 | D:9      | Reached skill level 12 in Long Blades
 10183 | D:9      | Found Xedghaimo's Antique Armour Boutique.
 10559 | D:10     | Entered Level 10 of the Dungeon
 10637 | D:9      | Reached **** piety under Okawaru
 10944 | D:10     | Found Quuhopuip's Antique Weapon Shoppe.
 11291 | D:10     | Got the Parchment of the Snowflakes
 11419 | D:9      | Reached skill level 10 in Armour
 12171 | D:10     | Reached ***** piety under Okawaru
 12172 | D:10     | Reached XP level 11. HP: 85/97 MP: 10/10
 13115 | D:8      | Noticed Maggie
 13126 | D:8      | Killed Maggie
 13351 | Lair:1   | Entered Level 1 of the Lair of Beasts
 13423 | Lair:1   | Found a frozen archway.
 13562 | IceCv    | Entered an ice cave
 13622 | IceCv    | Reached skill level 10 in Shields
 13940 | IceCv    | Reached skill level 13 in Long Blades
 14430 | IceCv    | Identified a scroll of acquirement
 14430 | IceCv    | Acquired the -2 hat of the Alchemist {rElec rPois rF+ rC+
                  | rN+ Will+ rMut rCorr}
 14430 | IceCv    | Found the -2 hat of the Alchemist {rElec rPois rF+ rC+ rN+
                  | Will+ rMut rCorr}
 14487 | IceCv    | Noticed a white ugly thing
 14528 | IceCv    | Reached skill level 1 in Stealth
 14622 | IceCv    | Killed a white ugly thing
 14623 | IceCv    | Reached skill level 1 in Invocations
 14971 | Lair:1   | Reached skill level 10 in Fighting
 15001 | Lair:1   | Received a gift from Okawaru
 15468 | Lair:1   | Noticed Harold
 15479 | Lair:1   | Killed Harold
 15984 | Lair:2   | Noticed a catoblepas
 16496 | Lair:1   | Killed a catoblepas
 16525 | Lair:2   | Reached skill level 14 in Long Blades
 16671 | Lair:2   | Noticed a boulder beetle
 16680 | Lair:2   | Killed a boulder beetle
 16680 | Lair:2   | Received a gift from Okawaru
 16681 | Lair:2   | Reached XP level 12. HP: 106/108 MP: 12/12
 16832 | Lair:2   | Found a staircase to the Shoals.
 17093 | Lair:2   | Identified the +4 war axe "Sarcophage" {vorpal, rF+ rN+
                  | Will+}
 17985 | Lair:3   | Found a hole to the Spider Nest.
 18279 | Lair:3   | Received a gift from Okawaru
 18292 | Lair:3   | Noticed a dire elephant
 18321 | Lair:3   | Killed a dire elephant
 18667 | Lair:3   | Got Qogeh's Atlas of Ignition and Iniquitous Magic
 19398 | D:11     | Reached skill level 5 in Dodging
 20501 | D:10     | HP: 4/108 [hell hound/blast of flame (3)]
 20989 | D:10     | Reached skill level 1 in Evocations
 22318 | D:11     | Reached XP level 13. HP: 118/118 MP: 12/14
 22345 | D:11     | Identified the +1 robe of Privacy {rPois} (Okawaru gifted
                  | it to you on level 11 of the Dungeon)
 22345 | D:11     | Received a gift from Okawaru
 22681 | D:11     | Reached skill level 15 in Long Blades
 23771 | D:11     | Identified the +3 leather armour of Cecruveh {rPois Will-
                  | Str+4}
 24128 | D:12     | Found a staircase to the Orcish Mines.
 25603 | D:12     | Received a gift from Okawaru
 25899 | D:12     | Slain by a two-headed ogre

Illustrated notes

Levels and vault maps discovered:
D:1:      psy_arrival_conway, layout_loops_corners, serial_forest,
          infiniplex_forest_lined_3, infiniplex_forest_end_double,
          infiniplex_forest_lined_ring, infiniplex_forest_3_way,
          infiniplex_forest_clump_double, infiniplex_forest_clump_long,
          infiniplex_forest_pool, infiniplex_forest_straight_5,
          infiniplex_forest_lined_3
D:2:      layout_basic, hellmonk_ecumenical_altar_pennies_from_heaven,
          serial_shops, shop_fountains, uniq_natasha, uniq_crazy_yiuf_cottage
D:3:      kennysheep_big_flooded_room, layout_loops_ring,
          minmay_randomly_rotated_circles, uniq_robin
D:4:      layout_gridville
D:5:      layout_loops_ring, overflow_temple_1_default, uniq_ijyb
D:6:      minmay_goblin_kobold_castle, layout_loops_ring, temple_fountains,
          st_stairs_1, kennysheep_generic_room_3
D:7:      layout_basic
D:8:      layout_basic, uniq_maggie, uniq_maurice
D:9:      layout_stronghold, lair_entry_dummy, serial_shops, nicolae_square_shop
D:10:     layout_rooms, serial_shops, kennysheep_little_box,
          minmay_misc_feat_columns, st_stairs_5, dk_noncrumbling_2,
          minmay_rotating_lava
D:11:     minmay_the_grid_4x2 [minmay_the_grid_stretched_grid,
          minmay_the_grid_holed_spiral, minmay_the_grid_aliased_spiral,
          minmay_the_grid_eight, minmay_the_grid_dragon_a,
          minmay_the_grid_zigzag_pyramid, minmay_the_grid_pillar_ring,
          minmay_the_grid_prize_four_corners], layout_rooms
D:12:     layout_irregular_city, kennysheep_orc_monster_closet_entryway
Temple:   mainiacjoe_temple_hex_bubbles
Lair:1:   layout_gridlike, portal_ice_cave_entry_ice_simulacra,
          chequers_serial_rivers_large_a, st_stairs_13, uniq_harold
Lair:2:   layout_regular_city, minmay_shoals_entry_centaurs
Lair:3:   nzn_winding_woodlands_stair_trap
          [nzn_winding_woodlands_5x15_lazy_stream,
          nzn_winding_woodlands_5x15_parted,
          nzn_winding_woodlands_5x15_sawtooth,
          nzn_winding_woodlands_15x15_boxy_spiral,
          nzn_winding_woodlands_5x15_split_checker,
          nzn_winding_woodlands_5x15_pathside_ponds,
          nzn_winding_woodlands_5x15_crooked], layout_gridlike,
          hellmonk_spider_entry_not_the_bees, lemuel_fruit_tree

Skill      XL: |  1  2  3  4  5  6  7  8  9 10 11 12 13 |
---------------+----------------------------------------+-----
Long Blades    | 3 4 6 7 9 11 12 14 15 | 15.4
Armour         | 4 5 6 7 9 10 11 12 13 | 13.7
Fighting       | 4 5 6 7 8 9 10 12 13 | 13.4
Shields        | 4 5 7 9 11 12 13 | 13.8
Dodging        | 1 2 3 4 5 |  5.7
Stealth        | 1 |  1.8
Invocations    | 2 3 |  3.3
Evocations     | 1 |  1.4
Throwing       | |  0.2

Action                   |  1- 3 |  4- 6 |  7- 9 | 10-12 | 13-15 || total
-------------------------+-------+-------+-------+-------+-------++-------
Melee: Long sword        |   273 |   126 |       |       |       ||   399
       Headbutt          |    98 |    34 |    71 |   214 |    80 ||   497
       Falchion          |       |    59 |   304 |   483 |       ||   846
       Demon blade       |       |       |       |   317 |   320 ||   637
Throw: Throwing net      |       |       |     1 |       |       ||     1
Invok: Heroism           |       |       |     2 |    22 |     1 ||    25
       Finesse           |       |       |       |     2 |       ||     2
Evoke: Wand              |       |       |     3 |     9 |       ||    12
  Use: Scroll            |       |     6 |     4 |    20 |     1 ||    31
       Potion            |       |       |     3 |     6 |     1 ||    10
 Stab: Distracted        |       |       |       |     1 |       ||     1
Armor: Scale mail        |    32 |    21 |       |    18 |       ||    71
       Chain mail        |       |    47 |   147 |   215 |    58 ||   467
Dodge: Dodged            |    38 |   122 |   153 |   351 |    90 ||   754
Block: Buckler           |    19 |    46 |    46 |       |       ||   111
       Kite shield       |       |       |    48 |   500 |   181 ||   729
